 Dungeon Crawl Stone Soup version 0.20.1-1-g8b1a95d (webtiles) character file.

49 nightchill the Ruffian (level 3, -4/36 HPs)
             Began as a Troll Monk on Dec 27, 2017.
             Slain by a goblin
             ... wielding a +0 club
             ... led by Robin
              (5 damage)
             ... on level 2 of the Dungeon.
             The game lasted 00:06:40 (1761 turns).

nightchill the Ruffian (Troll Monk)                 Turns: 1761, Time: 00:06:41

Health: -4/36      AC:  5    Str: 20    XL:     3   Next: 53%
Magic:  2/2        EV: 10    Int:  6    God:
Gold:   114        SH:  0    Dex: 12    Spells: 2/2 levels left

rFire    . . .     SeeInvis .     - Unarmed
rCold    . . .     Gourm    +   (no shield)
rNeg     . . .     Faith    .   a - +0 robe
rPois    .         Spirit   .   t - +0 hat
rElec    .         Reflect  .   (no cloak)
rCorr    .         Harm     .   (gloves unavailable)
MR       .....                  (boots unavailable)
Stlth    ++........             (no amulet)
Regen    0.6/turn               (no ring)
MPRegen  0.1/turn               (no ring)

@: no status effects
A: unfitting armour, claws 3, fast metabolism 3, gourmand, regeneration 1,
shaggy fur 1, tough skin 2
a: no special abilities


You were on level 2 of the Dungeon.
You were not hungry.

You visited 1 branch of the dungeon, and saw 3 of its levels.

You collected 114 gold pieces.

Inventory:

Missiles
 m - 29 stones (quivered)
 r - 2 tomahawks of dispersal
Armour
 a - a +0 robe (worn)
 t - a +0 hat (worn)
Jewellery
 n - a cursed ring of loudness {unknown}
Scrolls
 d - a scroll of fog {unknown}
 e - 5 scrolls of identify {unknown}
 g - a scroll of random uselessness {unknown}
 h - 2 scrolls of remove curse {unknown}
 o - 2 scrolls of teleportation {unknown}
 s - a scroll of magic mapping {unknown}
Potions
 c - 3 potions of brilliance {unknown}
 i - a potion of flight {unknown}
 j - 4 potions of curing {unknown}
 k - 3 potions of lignification {unknown}
 p - a potion of might {unknown}
 q - a potion of heal wounds {unknown}
Comestibles
 b - 2 bread rations
 f - 5 meat rations


   Skills:
 - Level 2.4 Fighting
 - Level 2.4 Dodging
 - Level 1.0 Stealth
 + Level 4.6 Unarmed Combat


You had 2 spell levels left.
You didn't know any spells.

Dungeon Overview and Level Annotations

Branches:
Dungeon (3/15)

Altars:
Sif Muna

Annotations:
D:2 Robin
D:3 Terence


Innate Abilities, Weirdness & Mutations

You are too large for most types of armour.
You have claws for hands.
Your metabolism is lightning-fast.
You like to eat raw meat.
Your natural rate of healing is unusually fast.
You are covered in fur. (AC +1)
You have very tough skin. (AC +2)


Message History

Robin is severely wounded.
The goblin closely misses you. The goblin hits you with a club.
The goblin hits you but does no damage. The hobgoblin hits you.
The hobgoblin closely misses you. The goblin misses you.
The hobgoblin hits you but does no damage.
Robin hits you with a falchion. The goblin hits you with a dagger.
* * * LOW HITPOINT WARNING * * *
The goblin closely misses you. The hobgoblin barely misses you.
The goblin misses you. The goblin closely misses you.
The hobgoblin completely misses you.
The hobgoblin hits you but does no damage.
You climb upwards.
There is a stone staircase leading down here.
You claw the goblin!
You kill the goblin!
The goblin hits you but does no damage. The goblin hits you.
* * * LOW HITPOINT WARNING * * *
The hobgoblin closely misses you. The goblin hits you with a club.
You die...

######'#.#....'....'.........
#......#+#.####....#####.....
#..................# #.....
#..........###.....# #.....
#.......)..###.....#####.....
#..........##..........#.....
#.......#####..........#.....
#.......##.ggg...).....#.....
##......##.#@gg........#.....
#......##.#gg.........#.....
#......'..#...........#....#
#......####...........#.....
##........#.#'#########.....
#.###.##.#.#.# #...>.
#.#........#.###### ##....
#.#....#.##......(# #....
#.###..#.#...####.#####....


You could see Robin, 3 hobgoblins and 3 goblins.

Vanquished Creatures
  2 oozes
  A worm (D:2)
  A leopard gecko (D:2)
  7 goblins
  3 hobgoblins
  4 jackals (D:1)
  2 kobolds (D:2)
  A quokka (D:2)
  A ball python (D:2)
  2 bats
  4 frilled lizards
  8 rats
36 creatures vanquished.

Notes
Turn   | Place    | Note
-------+----------+-------------------------------------------
     0 | D:1      | nightchill the Troll Monk began the quest for the Orb.
     0 | D:1      | Reached XP level 1. HP: 22/22 MP: 0/0
   114 | D:1      | Reached XP level 2. HP: 29/29 MP: 1/1
   625 | D:1      | Reached skill level 4 in Unarmed Combat
   954 | D:2      | Found a deep blue altar of Sif Muna.
  1018 | D:2      | Reached XP level 3. HP: 36/36 MP: 2/2
  1748 | D:3      | Noticed Robin
  1751 | D:3      | Noticed Terence
  1761 | D:2      | HP: 1/36 [goblin[Robin] (6)]
  1761 | D:2      | Slain by a goblin

Skill      XL: |  1  2 |
---------------+-------+-----
Unarmed Combat | 4 |  4.6
Fighting       | |  2.4
Dodging        | |  2.4
Stealth        | |  1.0

Action                   || total
-------------------------++-------
Melee: Unarmed           ||    76
       Punch             ||     2
 Stab: Sleeping          ||     1
  Eat: Chunk             ||    16
Armor: Robe              ||    22
Dodge: Dodged            ||    46
